 Dungeon Crawl Stone Soup version 0.30-a0-743-gbfdf073431 (webtiles) character file.

Game seed: 11156074489709472464

37 Ekaitz the Magician (level 3, 0/20 HPs)
             Began as a Deep Elf Hedge Wizard on Feb 6, 2023.
             Succumbed to an adder's poison
             ... on level 2 of the Dungeon.
             The game lasted 00:03:02 (878 turns).

Ekaitz the Magician (Deep Elf Hedge Wizard)          Turns: 878, Time: 00:03:02

Health: 0/20       AC:  2    Str:  7    XL:     3   Next: 23%
Magic:  0/11       EV: 13    Int: 18    God:
Gold:   35         SH:  0    Dex: 16    Spells: 4/12 levels left

rFire   . . .      SeeInvis .    a - +0 dagger
rCold   + . .      Faith    .    (no shield)
rNeg    . . .      Spirit   .    b - +0 robe
rPois   .          Reflect  .    c - +0 hat
rElec   .          Harm     .    (no cloak)
rCorr   .          Rampage  .    (no gloves)
Will    .....                    (no boots)
Stlth   ++                       (no amulet)
HPRegen 0.23/turn                i - ring of protection from cold
MPRegen 0.12/turn                (no ring)

@: lethally poisoned (0 -> -6), on blink cooldown, very slightly contaminated
A: no striking features
a: no special abilities


You were on level 2 of the Dungeon.
You visited 1 branch of the dungeon, and saw 2 of its levels.

You collected 35 gold pieces.

Inventory:

Hand Weapons
 a - a +0 dagger (weapon)
 g - a +0 rapier
Missiles
 n - 6 poisoned darts
Armour
 b - a +0 robe (worn)
 c - a +0 hat (worn)
 l - a +0 buckler
Jewellery
 i - a ring of protection from cold (left hand)
Scrolls
 e - a scroll of identify {unknown}
 f - a scroll of teleportation {unknown}
 h - 2 scrolls of immolation {unknown}
 j - 2 scrolls of vulnerability {unknown}
Potions
 d - a potion of magic
 k - a potion of resistance {unknown}
 m - a potion of cancellation {unknown}


   Skills:
 * Level 0.8 Fighting
 + Level 0.1 Short Blades
 * Level 2.9 Dodging
 + Level 2.7 Stealth
 - Level 5.0 Spellcasting
 * Level 1.5 Conjurations
 + Level 1.1 Summonings
 + Level 1.2 Translocations
 * Level 0.1 Air Magic


You had 4 spell levels left.
You knew the following spells:

 Your Spells              Type           Power      Damage    Failure   Level
a - Magic Dart            Conj           40%        1d5       7%          1
b - Call Imp              Summ           8%         N/A       13%         2
c - Mephitic Cloud        Conj/Pois/Air  6%         N/A       32%         3
k - Blink                 Tloc           16%        N/A       12%         2

Your spell library contained the following spells:

 Spells                   Type           Power      Damage    Failure   Level
 Slow                     Hex            16%        N/A       13%         1
 Cigotuvi's Dreadful Rot  Necr/Pois/Air  8%         N/A       21%         2


Dungeon Overview and Level Annotations

Branches:
Dungeon (2/15)

Altars:

Shops:
D:1 [


Message History

You kill the hobgoblin!
Casting: Magic Dart (safe; 7% risk of failure)
Confirm with . or Enter, or press ? or * to list all spells.
A beastly little devil appears in a puff of frigid air.
You miscast Magic Dart.
You are very lightly contaminated with residual magic.
Nothing appears to happen.
The adder bites you.
Your white imp completely misses the adder.
The magic dart hits the adder.
The adder is moderately wounded.
The adder bites you.
You are poisoned.
The adder poisons you!
Your white imp completely misses the adder.
The magic dart hits the adder.
The adder is severely wounded.
You feel sick. The adder bites you.
* * * LOW HITPOINT WARNING * * *
You are lethally poisoned!
The adder poisons you! The adder bites you.
* * * LOW HITPOINT WARNING * * *
Your white imp closely misses the adder.
Casting: Magic Dart (safe; 7% risk of failure)
Confirm with . or Enter, or press ? or * to list all spells.
You blink.
* * * LOW HITPOINT WARNING * * *
You feel sick.
Unknown command.
Casting: Blink (safe; 12% risk of failure)
Confirm with . or Enter, or press ? or * to list all spells.
Aiming: Magic Dart (safe; 7% risk of failure)
Press: ? - help, Shift-Dir - straight line, f/p - adder
Aim: an adder (severely wounded, ally target, 100% to hit)
You miscast Magic Dart.
Nothing appears to happen.
* * * LOW HITPOINT WARNING * * *
You feel sick. The adder closely misses you.
Your white imp misses the adder.
Unknown command.
You hit the adder.
The adder is almost dead.
You die...

####### .....# #####...#
#.....@.# #.##..S.######
#....(5!......#.#
####.#.######.#.# ...#.#
#.#.##.# ..####.#
#.#.##.# .. #.#
#.#.##.#### ...####'##
#.#.##.#...
.........#####.#.##.#.##


You could see an adder (ally target) and a friendly white imp (summoned).

Vanquished Creatures
  2 bats (D:1)
  2 endoplasms (D:1)
  A giant cockroach (D:1)
  2 goblins (D:1)
  4 hobgoblins
  2 kobolds (D:1)
  3 quokkas (D:1)
  3 ball pythons
  2 frilled lizards
  2 rats (D:1)
23 creatures vanquished.

Vanquished Creatures (collateral kills)
  A gnoll (D:1)
  A bat (D:1)
2 creatures vanquished.

Grand Total: 25 creatures vanquished

Notes
Turn   | Place    | Note
-------+----------+-------------------------------------------
     0 | D:1      | Ekaitz the Deep Elf Hedge Wizard began the quest for the
                  | Orb.
     0 | D:1      | Reached XP level 1. HP: 10/10 MP: 7/7
   109 | D:1      | Reached XP level 2. HP: 15/15 MP: 2/9
   112 | D:1      | Learned a level 2 spell: Call Imp
   115 | D:1      | Learned a level 2 spell: Blink
   211 | D:1      | Reached skill level 5 in Spellcasting
   408 | D:1      | Reached XP level 3. HP: 15/20 MP: 6/11
   437 | D:1      | Learned a level 3 spell: Mephitic Cloud
   644 | D:1      | Found Qucsagi's Antique Armour Shoppe.
   877 | D:2      | HP: 1/20 [poisoned by an adder]
   878 | D:2      | Succumbed to an adder's poison

Illustrated notes

Levels and vault maps discovered:
D:1:      dpeg_arrival_tiny_b, layout_rooms, serial_shops, nicolae_shop_stone,
          minmay_three_crescents
D:2:      layout_basic

Skill      XL: |  1  2 |
---------------+-------+-----
Spellcasting   | 5 |  5.0
Fighting       | |  0.8
Short Blades   | |  0.1
Dodging        | |  2.9
Stealth        | |  2.7
Conjurations   | |  1.5
Summonings     | |  1.1
Translocations | |  1.2
Air Magic      | |  0.1

Action                     || total
---------------------------++-------
  Melee: Dagger            ||     9
         Punch             ||     1
   Cast: Magic Dart        ||    45
         Call Imp          ||     3
         Blink             ||     2
   Stab: Sleeping          ||     1
 Armour: Robe              ||     2
  Dodge: Dodged            ||    14

Table legend: (Time is in decaauts)
 A = Elapsed time spent in this place.
 B = Non-inter-level travel time spent in this place.
 C = Inter-level travel time spent in this place.
 D = Time resting spent in this place.
 E = Time spent auto-exploring this place.
 F = Levels seen in this place.
 G = Mean time per level.
                   A        B        C        D        E       F      G
               +--------+--------+--------+--------+--------+-----+--------+
         Total |    877 |    868 |      9 |     41 |    659 |   2 |  438.5 |
       Dungeon |    877 |    868 |      9 |     41 |    659 |   2 |  438.5 |
               +--------+--------+--------+--------+--------+-----+--------+

Top non-repeatable levels by time:
     D:1: 807 daAuts
     D:2: 69 daAuts
